 Dungeon Crawl Stone Soup version 0.26-a0-597-gb535b0901c (webtiles) character file.

Game seed: 15716035926861389859

(classic levelgen) 7362 EnegeticOcto the Cleaver (level 10, -4/94 HPs)
             Began as a Deep Dwarf Fighter on Aug 26, 2020.
             Was a Priest of Makhleb.
             Slain by an ogre
             ... wielding a +0 giant club
              (6 damage)
             ... on level 1 of the Orcish Mines.
             The game lasted 00:05:51 (5416 turns).

EnegeticOcto the Cleaver (Deep Dwarf Fighter)       Turns: 5416, Time: 00:05:52

Health: -4/94      AC: 22    Str: 24    XL:     10   Next: 91%
Magic:  7/7        EV:  6    Int:  8    God:    Makhleb [***...]
Gold:   943        SH: 16    Dex: 12    Spells: 9/9 levels left

rFire    . . .     SeeInvis .   a - +1 war axe (venom)
rCold    . . .     Faith    .   c - +0 kite shield
rNeg     . . .     Spirit   .   A - +0 plate armour
rPois    .         Reflect  +   m - +0 helmet
rElec    .         Harm     .   n - +0 cloak
rCorr    .                      k - +1 pair of gloves
MR       +....                  s - +2 pair of boots
Stlth    ..........             e - amulet of reflection
HPRegen  0.00/turn              (no ring)
MPRegen  0.10/turn              (no ring)

@: lethally poisoned (-4 -> -4), non-regenerating
A: damage resistance, heal wounds, sense surroundings 2, no regeneration
a: Heal Wounds, Minor Destruction, Lesser Servant of Makhleb, Renounce Religion


You were on level 1 of the Orcish Mines.
You worshipped Makhleb.
Makhleb was most pleased with you.
You visited 2 branches of the dungeon, and saw 10 of its levels.

You collected 943 gold pieces.

Inventory:

Hand Weapons
 a - a +1 war axe of venom (weapon)
Armour
 c - a +0 kite shield (worn)
 k - a +1 pair of gloves (worn)
 m - a +0 helmet (worn)
 n - a +0 cloak (worn)
 s - a +2 pair of boots (worn)
 A - a +0 plate armour (worn)
Jewellery
 e - an amulet of reflection (around neck)
Wands
 l - a wand of enslavement (2)
 y - a wand of digging (3) {@v3}
 z - a wand of disintegration (16)
Scrolls
 g - a scroll of enchant weapon
 j - 7 scrolls of remove curse {@r2}
 q - a scroll of fog
 t - a scroll of fear
 u - a scroll of teleportation {@r3}
 v - 2 scrolls of blinking
 w - a scroll of magic mapping {@r5}
Potions
 b - 2 potions of haste {@q4}
 d - a potion of might {@q3}
 f - 2 potions of curing {@q1}
 h - 2 potions of mutation
 i - a potion of resistance {@q6}
 o - a potion of lignification {unknown}
 p - 3 potions of heal wounds {@q2}
 r - a potion of flight {unknown}
 x - a potion of cancellation


   Skills:
 + Level 7.0 Fighting
 * Level 11.1 Axes
 + Level 8.4 Armour
 + Level 8.4 Shields
 + Level 7.4 Invocations


You had 9 spell levels left.
You didn't know any spells.
Your spell library was empty.

Dungeon Overview and Level Annotations

Branches:
Dungeon (9/15)             Temple (0/1) D:7             Orc (1/2) D:9
   Lair: D:8-11

Altars:
Cheibriados
Elyvilon
Fedhas
Makhleb
Nemelex Xobeh
Okawaru
Qazlal
Ru
Uskayaw
Vehumet
Xom
Yredelemnul
The Shining One

Annotations:
D:7 3 runed translucent doors, vurker's ghost, weakling FoDe
D:9 exclusion: statue


Innate Abilities, Weirdness & Mutations

You are resistant to damage.
You can heal yourself by infusing magical energy.
You passively map the area around you.
You do not regenerate.


Message History

You slash the orc warrior!
You kill the orc warrior!
Makhleb accepts your kill.
You slash the orc!
You kill the orc!
Makhleb accepts your kill.
An ogre comes into view. It is wielding a +0 giant spiked club.
You closely miss the orc.
The ogre shouts!
You hear a shout!
You block the orc's attack.
You hit the orc.
The orc is poisoned.
The orc is severely wounded.
An orc warrior comes into view. It is wielding a +1 battleaxe of venom.
You block the orc's attack.
You slash the orc!
You kill the orc!
Makhleb accepts your kill.
You feel better.
An orc knight comes into view.
It is wielding the +8 glaive of the Guard {elec, +Rage AC+5 SInv}.
You closely miss the orc.
The orc knight roars a battlecry!
The orcs go into a battle-frenzy!
You block the orc warrior's attack. The orc hits you but does no damage.
There are monsters nearby!
There are monsters nearby!
You closely miss the orc.
An ogre comes into view. It is wielding a +0 giant club.
An orc warrior comes into view. It is wielding a +0 war axe.
The orc warrior hits you but does no damage.
You block the orc's attack.
You barely miss the ogre. You hit the orc.
The orc is poisoned.
The ogre hits you with a +0 giant club! You block the orc's attack.
The orc warrior hits you from afar with a +0 halberd.
You closely miss the orc.
The orc is lightly wounded.
You hit the ogre.
The ogre is poisoned.
You block the orc's attack.
You closely miss the orc.
The orc is moderately wounded.
You barely miss the ogre. You hit the ogre.
The ogre is poisoned.
The ogre hits you with a +0 giant club!
The orc warrior hits you from afar with a +0 halberd!!
You block the ogre's attack.
You hit the orc but do no damage.
The orc looks as sick as possible!
The orc is moderately wounded.
You hit the ogre.
The ogre looks as sick as possible!
You slash the ogre!
The ogre looks as sick as possible!
You block the orc's attack. You block the ogre's attack.
You hit the ogre.
The ogre is heavily wounded.
You slice the ogre!!
You kill the ogre!
Makhleb accepts your kill.
You feel better.
You barely miss the orc. You block the orc's attack.
You block the ogre's attack.
You hit the ogre.
The ogre looks as sick as possible!
The ogre is almost dead.
You closely miss the orc warrior.
Your shield and plate armour prevent you from hitting the orc.
You block the orc's attack. You block the orc warrior's attack.
You block the orc knight's attack.
You hit the ogre.
The ogre looks as sick as possible!
The ogre is almost dead.
You hit the orc.
You kill the orc!
Makhleb accepts your kill.
You feel better.
You closely miss the orc warrior.
You kill the ogre!
Makhleb accepts your kill.
You feel better. You block the orc warrior's attack.
The orc warrior hits you from afar with a +0 halberd!
The orc knight hits you from afar with the +8 glaive of the Guard {elec, +Rage AC+5 SInv}!
You are electrocuted!
* * * LOW HITPOINT WARNING * * *
You are too injured to fight recklessly!
You are too injured to fight recklessly!
You are too injured to fight recklessly!
You are too injured to fight recklessly!
You are too injured to fight recklessly!
You feel much better. You block the ogre's attack.
You block the orc warrior's attack. x2
You block the orc warrior's attack. The orc warrior closely misses you.
Your magical essence is drained by the effort!
You feel much better. The orc warrior barely misses you.
The orc knight hits you but does no damage.
The ogre hits you but does no damage.
The orc warrior hits you with a +0 war axe!!
You are too injured to fight recklessly!
You hit the orc warrior but do no damage.
You slash the ogre!
The ogre is poisoned.
You hit the orc warrior but do no damage.
You block the orc warrior's attack.
The orc warrior hits you with a +1 battleaxe of venom!
* * * LOW HITPOINT WARNING * * *
You are poisoned.
The orc knight hits you from afar with the +8 glaive of the Guard {elec, +Rage AC+5 SInv}!
* * * LOW HITPOINT WARNING * * *
You are electrocuted!!
* * * LOW HITPOINT WARNING * * *
The ogre hits you with a +0 giant club!
You die...

* * ##* ######## ########
, ,
..#..##.#.#..###.##.#.## ,
......)O...............##
, , ,
......oo@...............#
,
,......oo.................
,,
.........................
,,,
.........................
....................#....
, ,
..##############...###...
, .#* ,,,, , #...###### ,
, , #....# # , , , , , ,
,#....## #


You could see an orc knight, 3 orc warriors and an ogre (very poisoned).

Vanquished Creatures
  A two-headed ogre (D:9)
  Pikel (D:5)
  2 orc knights (Orc:1)
  2 hippogriffs (D:9)
  3 yaks (D:9)
  A water moccasin (D:8)
  2 ice beasts
  A swamp drake (D:8)
  10 orc warriors
  3 sky beasts
  A phantom (D:6)
  A necrophage (D:8)
  7 ogres
  2 centaurs
  A crocodile (D:9)
  3 lemures (D:5)
  5 bullfrogs
  A water moccasin zombie (D:7)
  A scorpion (D:6)
  10 wights
  A howler monkey (D:5)
  3 electric eels (D:8)
  2 jellies (D:8)
  A centaur zombie (D:7)
  3 hounds
  3 orc priests
  A gnoll shaman (Orc:1)
  7 orc wizards
  A quasit (D:5)
  A bullfrog skeleton (D:7)
  An iguana (D:6)
  8 worker ants
  3 worker ant zombies (D:6)
  3 adders
  8 gnolls
  A shadow imp (D:8)
  2 white imps
  An ufetubus (D:6)
  An ooze (D:2)
  3 worms
  A dart slug (D:4)
  2 leopard geckos
  32 orcs
  A giant cockroach (D:6)
  4 goblins
  3 hobgoblins
  10 jackals
  2 kobolds
  8 quokkas
  2 ball pythons
  6 bats
  A frilled lizard (D:5)
  A jackal skeleton (D:8)
  A jackal zombie (D:2)
  3 quokka skeletons
  A rat (D:2)
190 creatures vanquished.

Vanquished Creatures (others)
  5 dream sheep (D:3)
  An ogre (D:8)
  A jelly (D:8)
  An orc (D:8)
  A jackal (D:8)
  5 fungi (D:7)
  24 plants
38 creatures vanquished.

Grand Total: 228 creatures vanquished

Notes
Turn   | Place    | Note
-------+----------+-------------------------------------------
     0 | D:1      | EnegeticOcto the Deep Dwarf Fighter began the quest for the
                  | Orb.
     0 | D:1      | Reached XP level 1. HP: 20/20 MP: 1/1
   177 | D:2      | Reached XP level 2. HP: 21/27 MP: 2/2
   199 | D:2      | Found a hide-covered altar of Uskayaw.
   307 | D:3      | Reached skill level 3 in Axes
   307 | D:3      | Reached XP level 3. HP: 30/34 MP: 3/3
   332 | D:3      | Noticed a dream sheep
   332 | D:3      | Noticed a dream sheep
   332 | D:3      | Noticed a dream sheep
   332 | D:3      | Noticed a dream sheep
   332 | D:3      | Noticed a dream sheep
   332 | D:3      | Found a shimmering altar of Xom.
   337 | D:3      | Killed a dream sheep
   337 | D:3      | Killed a dream sheep
   337 | D:3      | Killed a dream sheep
   338 | D:3      | Killed a dream sheep
   339 | D:3      | Killed a dream sheep
   411 | D:3      | Found a sparkling altar of Nemelex Xobeh.
   463 | D:3      | Reached XP level 4. HP: 38/42 MP: 4/4
   589 | D:4      | Found an iron altar of Okawaru.
  1398 | D:5      | Entered Level 5 of the Dungeon
  1405 | D:5      | Reached skill level 4 in Axes
  1405 | D:5      | Reached XP level 5. HP: 36/49 MP: 5/5
  1415 | D:5      | Got a faintly humming scale mail
  1426 | D:5      | Identified the +1 scale mail "Utwez" {Dex+2} (You found it
                  | on level 5 of the Dungeon)
  1489 | D:5      | Noticed a lemure
  1490 | D:5      | Noticed a lemure
  1491 | D:5      | Noticed Pikel
  1491 | D:5      | Noticed a lemure
  1491 | D:5      | Noticed a lemure
  1518 | D:5      | Killed a lemure
  1519 | D:5      | Killed a lemure
  1531 | D:5      | Killed a lemure
  1540 | D:5      | Killed Pikel
  1540 | D:5      | Reached skill level 5 in Axes
  1540 | D:5      | Reached skill level 5 in Armour
  1540 | D:5      | Reached skill level 5 in Shields
  1540 | D:5      | Reached XP level 6. HP: 45/57 MP: 5/5
  1540 | D:5      | Reached XP level 7. HP: 51/64 MP: 6/6
  1569 | D:5      | Found a stormy altar of Qazlal.
  1598 | D:5      | Reached skill level 6 in Axes
  1852 | D:5      | Found a burning altar of Makhleb.
  1925 | D:5      | Became a worshipper of Makhleb the Destroyer
  2048 | D:5      | Reached skill level 1 in Invocations
  2404 | D:6      | Reached XP level 8. HP: 50/73 MP: 6/8
  2430 | D:6      | Reached skill level 7 in Axes
  2636 | D:6      | Reached skill level 5 in Fighting
  2729 | D:6      | Reached * piety under Makhleb
  2807 | D:6      | Found a glowing golden altar of the Shining One.
  3031 | D:7      | Found a staircase to the Ecumenical Temple.
  3074 | D:7      | Found a blossoming altar of Fedhas.
  3090 | D:7      | Reached skill level 8 in Axes
  3135 | D:7      | Found a runed translucent gate.
  3135 | D:7      | Found a runed translucent gate.
  3135 | D:7      | Found a runed translucent gate.
  3137 | D:7      | Noticed vurker's ghost (weakling FoDe)
  3146 | D:7      | Gained mutation: You passively map the area around you.
                  | [Deep Dwarf growth]
  3146 | D:7      | Reached XP level 9. HP: 64/81 MP: 10/10
  3348 | D:7      | Reached ** piety under Makhleb
  3543 | D:8      | Found a sacrificial altar of Ru.
  3783 | D:8      | Reached skill level 9 in Axes
  3797 | D:8      | Reached skill level 5 in Invocations
  4191 | D:8      | Noticed a five-headed hydra
  4341 | D:8      | Got a heavily runed bone ring
  4396 | D:9      | Identified the ring of Routh {rF+ Int+6 Slay-4} (You found
                  | it on level 8 of the Dungeon)
  4452 | D:9      | Found a snail-covered altar of Cheibriados.
  4452 | D:9      | Found a basalt altar of Yredelemnul.
  4482 | D:9      | Found a white marble altar of Elyvilon.
  4531 | D:9      | Reached XP level 10. HP: 74/91 MP: 9/9
  4536 | D:9      | Reached *** piety under Makhleb
  4609 | D:9      | Reached skill level 10 in Axes
  4610 | D:9      | Found a radiant altar of Vehumet.
  4612 | D:9      | Found a staircase to the Orcish Mines.
  4710 | D:9      | Noticed a two-headed ogre
  4721 | D:9      | Killed a two-headed ogre
  4906 | Orc:1    | Entered Level 1 of the Orcish Mines
  4970 | Orc:1    | Noticed an orc knight
  4970 | Orc:1    | Noticed an orc knight
  5040 | Orc:1    | Killed an orc knight
  5056 | Orc:1    | Killed an orc knight
  5056 | Orc:1    | Reached skill level 11 in Axes
  5403 | Orc:1    | Noticed an orc knight
  5416 | Orc:1    | HP: 2/94 [orc knight/the +8 glaive of the Guard {elec,
                  | +Rage AC+5 SInv} (16)]
  5416 | Orc:1    | Slain by an ogre

Illustrated notes

Levels and vault maps discovered:
D:1:      lemuel_arrival_cross, layout_loops_ring
D:2:      layout_rooms, grunt_gozag_statues, eat_drink_and_be_merry_uskayaw,
          dk_yredelemnul_ordeal
D:3:      layout_basic, kb_xom_exploding_sheep, lemuel_doored_altar,
          nemelex_lonely_heart_becter
D:4:      layout_basic, okawaru_gym_becter
D:5:      layout_gridville, lemuel_round_altar, grunt_qazlal_sundering,
          uniq_pikel
D:6:      layout_basic, basic_altar, kennysheep_small_circle
D:7:      layout_rooms, minmay_temple_entry_tees, gammafunk_ghost_nasty_kobolds,
          fedhas_altar_3
D:8:      layout_layer_cave, kennysheep_little_box, serial_bayou,
          serial_bayou_pond_b, serial_bayou_lagoon_b, serial_bayou_ford_a,
          serial_bayou_shore_b, serial_bayou_pond_b, serial_bayou_pond_c,
          minmay_alternating_orb
D:9:      layout_rooms, vehumet_statue,
          chequers_temple_overflow_statue_of_worship, elyvilon_altar_4
Orc:1:    cheibrodos_orc_arena, layout_caves, minmay_orc_treasury

Skill      XL: |  1  2  3  4  5  6  7  8  9 10 |
---------------+-------------------------------+-----
Fighting       | 3 4 5 6 7 |  7.0
Axes           | 3 4 5 6 8 9 11 | 11.1
Armour         | 4 5 6 7 8 |  8.4
Shields        | 4 5 6 7 8 |  8.4
Invocations    | 1 3 5 7 |  7.4

Action                   |  1- 3 |  4- 6 |  7- 9 | 10-12 || total
-------------------------+-------+-------+-------+-------++-------
Melee: War axe           |    66 |    60 |   443 |   143 ||   712
 Abil: Heal Wounds       |     1 |     2 |    27 |     9 ||    39
Evoke: Wand              |       |       |    22 |       ||    22
  Use: Scroll            |       |       |    19 |     1 ||    20
Armor: Scale mail        |    20 |    29 |    50 |       ||    99
       Plate armour      |       |       |   371 |    35 ||   406
Dodge: Dodged            |    10 |    18 |   143 |    27 ||   198
Block: Kite shield       |    49 |    70 |   514 |   148 ||   781
       Reflection        |       |       |     5 |     1 ||     6

Table legend: (Time is in decaauts)
 A = Elapsed time spent in this place.
 B = Non-inter-level travel time spent in this place.
 C = Inter-level travel time spent in this place.
 D = Time resting spent in this place.
 E = Time spent auto-exploring this place.
 F = Levels seen in this place.
 G = Mean time per level.
                   A        B        C        D        E       F      G
               +--------+--------+--------+--------+--------+-----+--------+
         Total |   5593 |   5184 |    409 |      0 |   3593 |  10 |  559.3 |
       Dungeon |   5081 |   4672 |    409 |      0 |   3232 |   9 |  564.6 |
  Orcish Mines |    511 |    511 |      0 |      0 |    361 |   1 |  511.0 |
               +--------+--------+--------+--------+--------+-----+--------+

Top non-repeatable levels by time:
     D:5: 1015 daAuts
     D:8: 999 daAuts
     D:4: 822 daAuts
     D:6: 671 daAuts
     D:9: 515 daAuts
   Orc:1: 511 daAuts
     D:7: 446 daAuts
     D:3: 344 daAuts
     D:1: 145 daAuts
     D:2: 122 daAuts
